Map: 暮色之塔

Players

shengy - Winner!

  • Race: Zerg Zerg
  • League: Platinum

Vlagnir

  • Race: Zerg Zerg
  • League: Diamond

VOD

Have the link to the VOD?

Description

Time

  • Played on: Jan. 1, 2016, 2:46 p.m.
  • Length: 12:38
Show
View Real Time Build Order
Export as new Build Order

shengy Zerg - Winner!

Build Orders: Hatch First, Lurkers 

Get SALT Encoding   

  12  0:01  Drone  
  13  0:11  Drone  
  14  0:17  Overlord  
  14  0:35  Drone x3  
  17  0:46  Drone  
  18  0:56  Hatchery  
  17  1:00  Drone  
  18  1:07  Drone  
  18  1:10  Extractor  
  18  1:18  Spawning Pool  
  18  1:20  Drone  
  18  1:29  Drone  
  19  1:39  Overlord  
  19  1:56  Drone  
  20  2:05  Zergling x2  
  20  2:07  Queen  
  20  2:08  Queen  
  25  2:13  Metabolic Boost  
  25  2:19  Drone x3  
  28  2:28  Drone  
  29  2:34  Drone x2  
  31  2:41  Drone  
  32  2:45  Overlord  
  32  2:53  Drone  
  33  3:01  Drone  
  34  3:09  Drone  
  34  3:10  Drone  
  35  3:22  Extractor  
  35  3:23  Extractor  
  35  3:24  Roach Warren, Drone  
  35  3:25  Drone x7  
  40  3:33  Drone  
  41  3:36  Drone  
  41  3:39  Hatchery  
  41  3:45  Lair  
  41  3:53  Drone x3  
  44  3:59  Overlord  
  44  4:00  Overlord  
  44  4:08  Drone, Extractor  
  44  4:14  Evolution Chamber  
  44  4:15  Drone  
  44  4:17  Evolution Chamber  
  43  4:26  Drone  
  43  4:27  Drone x3  
  47  4:38  Drone, Overlord  
  48  4:40  Zerg Missile Weapons Level 1  
  48  4:43  Zerg Ground Armor Level 1  
  48  4:44  Glial Reconstitution  
  48  4:46  Zergling x2  
  48  4:52  Drone  
  50  4:56  Queen  
  50  4:58  Overlord  
  52  5:04  Drone  
  52  5:05  Drone  
  52  5:06  Hydralisk Den  
  53  5:08  Drone  
  53  5:09  Drone x9  
  63  5:16  Overlord  
  64  5:28  Roach  
  64  5:29  Roach x8  
  64  5:32  Extractor  
  64  5:34  Queen  
  81  5:36  Drone  
  81  5:37  Drone  
  81  5:41  Overlord  
  83  5:44  Drone  
  83  5:46  Extractor  
  83  5:47  Overlord  
  83  5:50  Infestation Pit  
  82  5:58  Muscular Augments  
  80  6:18  Roach  
  80  6:19  Roach x10  
  100  6:31  Hydralisk x2  
  100  6:32  Hydralisk  
  106  6:34  Overseer  
  106  6:41  Overlord  
  106  6:42  Overlord x3  
  106  7:00  Hydralisk  
  106  7:01  Hydralisk x7  
  106  7:18  Overlord  
  106  7:19  Hydralisk x5  
  116  7:26  Lurker Den  
  116  7:29  Overlord  
  116  7:44  Roach  
  116  7:45  Roach x5  
  104  8:09  Roach x9  
  122  8:17  Hive  
  120  8:26  Queen  
  122  8:31  Overseer x2, Hatchery  
  122  8:32  Spine Crawler  
  122  8:33  Spine Crawler  
  119  8:35  Drone x3  
  122  8:52  Drone x8  
  112  8:57  Hatchery  
  111  9:03  Lurker x4  
  111  9:04  Lurker x3  
  118  9:20  Drone x2  
  118  9:21  Drone x2  
  122  9:29  Overseer  
  122  9:37  Zerg Ground Armor Level 2, Zerg Missile Weapons Level 2  
  122  9:43  Ultralisk Cavern  
  121  9:59  Roach  
  133  10:00  Roach x11  
  133  10:05  Adrenal Glands  
  126  10:34  Drone  
  126  10:35  Drone x15  
  135  10:58  Zergling x4  
  127  11:18  Drone x17  
  135  11:19  Drone  
  145  11:28  Spire  
  138  11:57  Overlord x3  
  138  11:58  Queen x2  
  164  12:24  Drone x5  
Show
View Real Time Build Order
Export as new Build Order

Vlagnir Zerg 

Build Orders: Hatch First 

Get SALT Encoding   

  12  0:02  Drone  
  13  0:12  Overlord  
  13  0:17  Drone  
  14  0:33  Drone x2  
  16  0:36  Drone  
  17  0:46  Drone  
  18  0:57  Hatchery  
  18  1:01  Drone  
  18  1:14  Spawning Pool  
  18  1:16  Drone  
  18  1:39  Hatchery  
  17  1:43  Drone  
  17  1:46  Drone  
  19  1:48  Drone  
  20  2:02  Spine Crawler  
  20  2:03  Queen  
  20  2:07  Drone  
  22  2:09  Drone  
  23  2:17  Queen  
  23  2:20  Drone  
  26  2:23  Drone  
  27  2:33  Zergling x2  
  27  2:36  Overlord  
  28  2:38  Overlord  
  28  2:48  Overlord  
  28  2:50  Zergling x2  
  28  2:51  Zergling x2  
  30  2:53  Drone x2  
  32  3:01  Drone  
  32  3:02  Drone  
  32  3:04  Drone  
  35  3:12  Drone x2  
  37  3:13  Drone x2  
  37  3:16  Queen  
  37  3:18  Drone  
  42  3:24  Extractor  
  42  3:25  Drone x2  
  42  3:27  Extractor  
  42  3:28  Drone  
  42  3:29  Drone  
  44  3:35  Drone x2  
  44  3:36  Drone  
  47  3:45  Drone  
  47  3:46  Drone x2  
  50  3:49  Overlord  
  50  3:57  Drone  
  50  3:58  Drone x3  
  50  4:01  Drone  
  55  4:05  Overlord  
  55  4:14  Baneling Nest, Hatchery  
  55  4:16  Queen  
  55  4:26  Metabolic Boost  
  55  4:27  Drone x2  
  55  4:28  Drone x5  
  55  4:29  Drone  
  63  4:32  Drone x2  
  63  4:33  Drone  
  63  4:35  Overlord  
  66  4:38  Overlord  
  66  4:44  Drone  
  66  4:45  Drone x2  
  69  4:49  Overlord x2  
  69  5:03  Evolution Chamber  
  69  5:06  Drone x3  
  71  5:10  Zergling x4  
  71  5:11  Zergling x12  
  79  5:16  Spore Crawler  
  79  5:17  Zergling x2  
  79  5:18  Zergling x2  
  79  5:19  Spore Crawler  
  79  5:20  Spore Crawler  
  78  5:23  Zergling x2  
  78  5:24  Zergling x6  
  82  5:34  Zerg Ground Armor Level 1  
  82  5:36  Lair  
  82  5:38  Zergling x12  
  82  5:39  Overlord  
  82  5:40  Overlord  
  82  5:41  Overlord  
  88  5:48  Zergling x4  
  90  5:51  Zergling x6  
  90  5:52  Zergling x2  
  94  5:58  Zergling x2  
  94  5:59  Zergling x8  
  94  6:01  Zergling x2  
  99  6:07  Hatchery  
  99  6:09  Zergling x2  
  99  6:11  Zergling x4  
  99  6:20  Zergling x4  
  99  6:21  Zergling x2  
  100  6:27  Baneling x5  
  100  6:28  Baneling x7  
  100  6:29  Baneling  
  100  6:30  Zergling x4  
  100  6:31  Zergling x8  
  106  6:39  Zergling x2  
  108  6:40  Zergling x2  
  108  6:43  Infestation Pit  
  108  6:46  Zergling x6  
  108  6:47  Zergling x16  
  111  6:51  Zergling x2  
  111  6:52  Zergling x2  
  109  7:00  Zergling x8  
  92  7:03  Zergling x4  
  92  7:04  Zergling x8  
  94  7:11  Zergling x14  
  101  7:19  Zergling x4  
  103  7:25  Queen  
  103  7:26  Zergling x6  
  103  7:27  Zergling x6  
  111  7:32  Zergling x4  
  111  7:35  Baneling  
  111  7:36  Baneling x2  
  111  7:37  Baneling x6  
  104  7:45  Zergling x2  
  104  7:46  Zergling x16  
  97  7:55  Zergling x10  
  95  8:00  Queen  
  95  8:02  Zergling x10  
  95  8:04  Zergling x2  
  95  8:05  Zergling x4  
  98  8:09  Zergling x8  
  94  8:22  Baneling  
  94  8:23  Baneling x13  
  94  8:25  Zergling x16  
  102  8:31  Zergling x4  
  102  8:32  Zergling x10  
  83  8:58  Zergling x10  
  83  8:59  Zergling x24  
  99  9:04  Zergling x6  
  102  9:11  Zergling x2  
  102  9:12  Zergling x4  
  102  9:15  Hive  
  105  9:21  Zergling x10  
  105  9:22  Zergling x4  
  112  9:24  Overlord x2  
  112  9:27  Extractor  
  112  9:29  Extractor x2  
  112  9:30  Extractor  
  108  9:35  Zergling x4  
  108  9:36  Zergling x6  
  107  9:51  Zergling x4  
  107  9:52  Zergling x12  
  100  9:53  Zergling x12  
  104  10:00  Spine Crawler  
  104  10:01  Spine Crawler x2  
  104  10:02  Spine Crawler, Zergling x4  
  104  10:03  Zergling x4  
  104  10:04  Spore Crawler, Spine Crawler  
  104  10:05  Overseer x5  
  98  10:08  Spore Crawler  
  98  10:09  Spore Crawler  
  98  10:11  Spine Crawler  
  98  10:12  Spine Crawler  
  98  10:13  Spine Crawler  
  92  10:15  Zergling x4  
  92  10:16  Zergling x10  
  92  10:18  Zergling x2  
  92  10:21  Zergling x2  
  95  10:25  Zergling x6  
  91  10:30  Zergling x2  
  78  10:37  Zergling x4  
  78  10:38  Zergling x4  
  77  10:54  Zergling x8  
  77  10:55  Zergling x2  
  76  11:02  Zergling x6  
  69  11:06  Zergling x6  
  65  11:17  Zergling x4  
  65  11:18  Zergling x6  
  68  11:22  Zergling x2  
  68  11:31  Spire  
  67  11:35  Zergling x6  
  60  12:13  Zergling x6  
  60  12:14  Zergling x10  
  63  12:20  Zergling x2  
  63  12:21  Zergling x4  
Tags
 
Add a new tag
Caveats
  • Supply blocks, unpowered buildings, or Contaminate may cause inaccurate times.
  • Supply counts are checked every 10 seconds.